[Event "Titled Tuesday Blitz September 28 2021"]
[White "Stribuk, Artiom"]
[Black "Siva Mahadevan"]
[WhiteFideId "13515659"]
[BlackFideId "25043153"]
[WhiteElo "2224"]
[BlackElo "2203"]
[Result "0-1"]
[Round "11"]
[TimeControl "180+1"]
[Date "2021.09.28"]
[WhiteClock "0:00:20"]
[BlackClock "0:02:25"]

1. d4 Nf6 2. c4 g6 3. Nf3 Bg7 4. g3 O-O 5. Bg2 d6 6. O-O Nbd7 7. Nc3 e5 8. e4 c6 9. Re1 Qa5 10. h3 exd4 11. Nxd4 Ne5 12. Nb3 Qb4 13. c5 dxc5 14. a3 Qb6 15. Be3 Rd8 16. Qc2 Nd3 17. Red1 Be6 18. Rxd3 Rxd3 19. Qxd3 Qxb3 20. Qd2 Nd7 21. f4 Nb6 22. Bf1 Nc4 23. Bxc4 Qxc4 24. Kh2 Bf6 25. Rf1 Qxf1 0-1


[Site "https://www.chess.com"]

[Event "Titled Tuesday Blitz September 28 2021"]
[White "Suvorov, Alexander"]
[Black "Manukian, Artak"]
[WhiteFideId "12977063"]
[BlackFideId "13301373"]
[WhiteElo "2221"]
[BlackElo "2372"]
[Result "1-0"]
[Round "11"]
[TimeControl "180+1"]
[Date "2021.09.28"]
[WhiteClock "0:00:57"]
[BlackClock "0:00:11"]

1. b3 Nf6 2. Bb2 g6 3. g3 Bg7 4. Bg2 O-O 5. Nf3 c5 6. O-O Nc6 7. c4 d6 8. d4 cxd4 9. Nxd4 Bd7 10. Nd2 h5 11. Nxc6 Bxc6 12. e4 h4 13. Re1 hxg3 14. hxg3 Qb6 15. Qe2 a5 16. a3 Rfe8 17. Rab1 Rac8 18. e5 dxe5 19. Bxe5 Bxg2 20. Kxg2 Rc6 21. Bxf6 Rxf6 22. Ne4 Re6 23. Qf3 Qc6 24. Ng5 Rxe1 25. Rxe1 Bf6 26. Qxc6 bxc6 27. Ne4 Rb8 28. Rb1 Bd4 29. b4 axb4 30. axb4 f5 31. Ng5 Bf6 32. Ne6 Kf7 33. Nc7 Be5 34. Na6 Rb6 35. b5 cxb5 36. cxb5 Bd4 37. Nc7 e6 38. f4 Kf6 39. Kf3 e5 40. Nd5+ Ke6 41. Nxb6 Bxb6 42. fxe5 Kxe5 43. Rc1 g5 44. Rc6 g4+ 45. Ke2 Bd4 46. b6 Kd5 47. b7 Be5 48. Rc8 Bxg3 49. b8=Q Bxb8 50. Rxb8 Ke4 51. Rb4+ Ke5 52. Ke3 1-0


[Site "https://www.chess.com"]

[Event "Titled Tuesday Blitz September 28 2021"]
[White "Svane, Rasmus"]
[Black "Wagner, Dennis"]
[WhiteFideId "4657101"]
[BlackFideId "24650684"]
[WhiteElo "2643"]
[BlackElo "2355"]
[Result "1-0"]
[Round "11"]
[TimeControl "180+1"]
[Date "2021.09.28"]
[WhiteClock "0:00:24"]
[BlackClock "0:00:01"]

1. d4 Nf6 2. Nf3 d5 3. c4 e6 4. g3 Bb4+ 5. Bd2 Be7 6. Bg2 O-O 7. O-O Nbd7 8. Bc3 c6 9. Nbd2 a5 10. Qc2 b6 11. e4 Ba6 12. b3 Rc8 13. Rfd1 h6 14. Rac1 Ba3 15. Rb1 c5 16. exd5 exd5 17. Qf5 Bb4 18. Bxb4 cxb4 19. cxd5 Rc3 20. Nc4 g6 21. Qf4 Nxd5 22. Qxh6 N7f6 23. Ng5 Bxc4 24. bxc4 Rxc4 25. Rd3 Rc3 26. Rbd1 a4 27. h4 b3 28. Bxd5 Qxd5 29. Rxc3 b2 30. Rf3 Qxf3 31. Nxf3 1-0


[Site "https://www.chess.com"]

[Event "Titled Tuesday Blitz September 28 2021"]
[White "Sychev, Klementy"]
[Black "Wadsworth, Matthew J"]
[WhiteFideId "4114060"]
[BlackFideId "415804"]
[WhiteElo "2615"]
[BlackElo "2293"]
[Result "1-0"]
[Round "11"]
[TimeControl "180+1"]
[Date "2021.09.28"]
[WhiteClock "0:01:15"]
[BlackClock "0:00:32"]

1. e4 c5 2. d4 cxd4 3. c3 d3 4. c4 Nc6 5. Nc3 e6 6. Nf3 a6 7. Bxd3 Qc7 8. O-O d6 9. Re1 Nf6 10. Bg5 Be7 11. Rc1 Ne5 12. Bf1 b6 13. Nd2 Bb7 14. f3 h6 15. Be3 Rb8 16. b4 O-O 17. Bf2 Ba8 18. a3 Rfc8 19. Qb3 Bd8 20. Qa2 Qe7 21. Red1 Bc7 22. Be2 Ng6 23. Nb3 Nh5 24. Bf1 Qg5 25. Qd2 Nhf4 26. Kh1 e5 27. g3 Ne6 28. Qxg5 Nxg5 29. Be2 f5 30. h4 fxe4 31. hxg5 exf3 32. Bd3 Ne7 33. gxh6 gxh6 34. Be4 Bxe4 35. Nxe4 b5 36. c5 dxc5 37. Nbxc5 Bb6 38. Nd7 Rxc1 39. Rxc1 1-0


[Site "https://www.chess.com"]

[Event "Titled Tuesday Blitz September 28 2021"]
[White "Szente Varga, Fruzsina"]
[Black "Baskin, Robert"]
[WhiteFideId "712264"]
[BlackFideId "24662402"]
[WhiteElo "2106"]
[BlackElo "2521"]
[Result "0-1"]
[Round "11"]
[TimeControl "180+1"]
[Date "2021.09.28"]
[WhiteClock "0:00:03"]
[BlackClock "0:00:43"]

1. e4 d5 2. exd5 Qxd5 3. Nc3 Qa5 4. d4 Nf6 5. Bc4 Bf5 6. Nf3 c6 7. Bd2 e6 8. Qe2 Nbd7 9. d5 cxd5 10. Nxd5 Qd8 11. Bc3 Nxd5 12. Bxd5 Qc7 13. Nh4 O-O-O 14. Nxf5 exd5 15. O-O-O Bc5 16. Rxd5 Rhe8 17. Qg4 g6 18. Nd4 f5 19. Qh4 Nf8 20. Rxd8+ Rxd8 21. Rd1 Qd7 22. Rd2 Re8 23. Rd1 Qf7 24. Qg3 Rd8 25. Kb1 Ne6 26. Qe3 Qd7 27. Rd3 Nxd4 28. Bxd4 Bxd4 29. Qf4 Qc7 30. Qh4 Bb6 31. a3 Rxd3 32. cxd3 a6 33. Qf6 Kb8 34. Qh8+ Ka7 35. d4 Qd7 36. Qg8 Qxd4 37. Qxh7 Bd8 38. Qxg6 Bf6 39. Kc1 Qxb2+ 40. Kd1 Bc3 41. Qd6 Qxf2 42. Qc5+ Qxc5 0-1


[Site "https://www.chess.com"]

[Event "Titled Tuesday Blitz September 28 2021"]
[White "Tanenbaum, Zachary"]
[Black "Golubev, Mikhail"]
[WhiteFideId "2060850"]
[BlackFideId "14100983"]
[WhiteElo "2165"]
[BlackElo "2374"]
[Result "1/2-1/2"]
[Round "11"]
[TimeControl "180+1"]
[Date "2021.09.28"]
[WhiteClock "0:00:06"]
[BlackClock "0:00:11"]

1. e4 c5 2. Nf3 d6 3. d4 Nf6 4. Nc3 cxd4 5. Nxd4 g6 6. Be3 Bg7 7. f3 O-O 8. Qd2 Nc6 9. g4 Nxd4 10. Bxd4 Be6 11. O-O-O Qa5 12. Kb1 Rfc8 13. a3 Rab8 14. Nd5 Qxd2 15. Rxd2 Nxd5 16. Bxg7 Ne3 17. Bc3 Nxf1 18. Rxf1 f6 19. h4 h5 20. gxh5 gxh5 21. f4 Kf7 22. f5 Bd7 23. e5 fxe5 24. f6 Bh3 25. Rh1 Bg4 26. Rf1 Rc6 27. fxe7+ Kxe7 28. Rdf2 Be6 29. Bd2 Rbc8 30. c3 Rc4 31. Bg5+ Kd7 32. Rf6 Bg4 33. Rh6 Kc6 34. Be7 Re4 35. Rxd6+ Kb5 36. Ka2 b6 37. Rd5+ Ka6 38. Bf6 Be6 39. Rd1 Rc5 40. c4 Rexc4 41. Rxc5 Rxc5+ 42. Kb1 e4 43. Re1 Bg4 44. Bg5 Bf5 45. Ka1 Rd5 46. Re3 Kb7 47. Kb1 Kc6 48. Kc2 Rc5+ 49. Kd2 Kd5 50. Rc3 Ke6 51. Rxc5 bxc5 52. Be3 Kd5 53. Bg5 a6 54. Ke3 Kc4 55. Bf6 Kd5 56. Bc3 c4 57. Kf4 Bg4 58. Ke3 Bd1 59. Kf4 Bg4 60. Ke3 Bd1 61. Kf2 Bg4 62. Ke1 Bf3 63. Kd2 Bg4 64. Ke3 1/2-1/2


[Site "https://www.chess.com"]

[Event "Titled Tuesday Blitz September 28 2021"]
[White "Tang, Andrew"]
[Black "Lysyj, Igor"]
[WhiteFideId "2059630"]
[BlackFideId "4150120"]
[WhiteElo "2978"]
[BlackElo "2859"]
[Result "0-1"]
[Round "11"]
[TimeControl "180+1"]
[Date "2021.09.28"]
[WhiteClock "0:00:02"]
[BlackClock "0:00:10"]

1. d4 Nf6 2. c4 e6 3. Nc3 Bb4 4. Qc2 O-O 5. Nf3 d5 6. Bg5 c5 7. e3 cxd4 8. Nxd4 h6 9. Bh4 Be7 10. Rd1 Nc6 11. cxd5 Nb4 12. Qb3 Nbxd5 13. Bxf6 Bxf6 14. Nxd5 exd5 15. Qb4 Be7 16. Qd2 Qb6 17. a3 Bd7 18. Be2 Ba4 19. Rc1 Bf6 20. O-O Rac8 21. Bf3 Bxd4 22. exd4 Bb3 23. Rfe1 a5 24. h3 Bc4 25. Rc3 a4 26. Rec1 Rce8 27. Qc2 Qxd4 28. Qxa4 Qd2 29. Qc2 Re1+ 30. Rxe1 Qxe1+ 31. Kh2 Qe5+ 32. g3 b5 33. Re3 Qf6 34. Bg2 d4 35. Rf3 Qe5 36. b3 Be6 37. Qd2 Rd8 38. a4 bxa4 39. bxa4 Qc5 40. Rf4 Qc3 41. Qd1 d3 42. Rf3 Bb3 43. Qb1 Qc2 44. Qa1 d2 0-1


[Site "https://www.chess.com"]

[Event "Titled Tuesday Blitz September 28 2021"]
[White "Tasev, Dejan"]
[Black "Ladan, Nicholas"]
[WhiteFideId "936618"]
[BlackFideId "30918855"]
[WhiteElo "2253"]
[BlackElo "2354"]
[Result "0-1"]
[Round "11"]
[TimeControl "180+1"]
[Date "2021.09.28"]
[WhiteClock "0:00:26"]
[BlackClock "0:00:43"]

1. e4 e5 2. Nf3 Nc6 3. Bc4 Nf6 4. d3 h6 5. Nc3 d6 6. h3 g6 7. Bb3 Bg7 8. Be3 O-O 9. Qd2 Kh7 10. g4 Na5 11. g5 hxg5 12. Nxg5+ Kg8 13. O-O-O Nxb3+ 14. axb3 Nh5 15. Rdg1 a5 16. f4 exf4 17. Bxf4 b5 18. h4 a4 19. bxa4 b4 20. Nb1 Rxa4 21. Rf1 c5 22. Be3 Ra2 23. d4 Ba6 24. Rf3 Qb6 25. e5 dxe5 26. dxc5 Qb7 27. Rg1 e4 28. Rxf7 Rxf7 29. Nxf7 Bxb2+ 30. Kd1 Qxf7 31. Qd8+ Kh7 32. c6 Qf3+ 0-1


[Site "https://www.chess.com"]

[Event "Titled Tuesday Blitz September 28 2021"]
[White "TheKingDoctor"]
[Black "Nurmanova, Alua"]
[BlackFideId "13729390"]
[WhiteElo "2347"]
[BlackElo "1869"]
[Result "0-1"]
[Round "11"]
[TimeControl "180+1"]
[Date "2021.09.28"]
[WhiteClock "0:00:02"]
[BlackClock "0:00:53"]

1. e4 c5 2. c3 d5 3. exd5 Qxd5 4. d4 Nf6 5. Nf3 Bg4 6. Be2 e6 7. Be3 cxd4 8. cxd4 Bb4+ 9. Nc3 Qd6 10. O-O Nc6 11. h3 Bh5 12. a3 Ba5 13. Ne5 Bxe2 14. Nxe2 Nxe5 15. dxe5 Qxd1 16. Rfxd1 Nd5 17. Bc5 Bc7 18. f4 g5 19. g3 gxf4 20. gxf4 f6 21. Nd4 Nxf4 22. Nxe6 Nxe6 23. exf6 Rd8 24. Be7 Rxd1+ 25. Rxd1 Bb6+ 26. Kf1 Rg8 27. Rd6 Nf4 28. Ke1 Rg2 29. b4 Re2+ 30. Kd1 Re6 31. Rd2 Ng6 32. Bc5 Bxc5 33. bxc5 Rxf6 34. Ra2 Rc6 35. Rb2 Rc7 36. Kd2 Ne5 37. Kc3 Nd7 38. Kd4 Nxc5 39. Kd5 Na4 40. Rb4 Nc3+ 41. Kd6 Rc6+ 42. Ke5 b6 43. Rh4 h6 44. Rg4 Nb5 45. h4 Nxa3 46. h5 Kf7 47. Kd5 Rc5+ 48. Kd6 Nb5+ 49. Kd7 Rxh5 50. Rf4+ Kg6 51. Ke6 a5 0-1


[Site "https://www.chess.com"]

[Event "Titled Tuesday Blitz September 28 2021"]
[White "Thejkumar, M. S."]
[Black "Buscar, Michael"]
[WhiteFideId "5009154"]
[BlackFideId "2603616"]
[WhiteElo "2312"]
[BlackElo "2010"]
[Result "1-0"]
[Round "11"]
[TimeControl "180+1"]
[Date "2021.09.28"]
[WhiteClock "0:01:04"]
[BlackClock "0:00:35"]

1. d4 Nf6 2. c4 e6 3. Nf3 c5 4. d5 exd5 5. cxd5 d6 6. Nc3 g6 7. Nd2 Bg7 8. e4 O-O 9. Be2 Na6 10. O-O Nb4 11. a3 Na6 12. Re1 Re8 13. h3 Nc7 14. a4 b6 15. Bf1 Ba6 16. Bxa6 Nxa6 17. Nc4 Nb4 18. Bf4 Bf8 19. Qd2 Nh5 20. Bg5 Qd7 21. g4 Ng7 22. Bf6 Be7 23. e5 Bxf6 24. exf6 Rxe1+ 25. Rxe1 Ne8 26. Re7 Qd8 27. g5 h5 28. Ne4 a6 29. Ng3 b5 30. Ne3 bxa4 31. Nef5 gxf5 32. Nxf5 Rc8 33. Nh6+ Kh7 34. Qf4 Rc7 35. Qf5+ Kh8 36. Nxf7+ 1-0


[Site "https://www.chess.com"]

[Event "Titled Tuesday Blitz September 28 2021"]
[White "Timmermans, Mark"]
[Black "Shkapenko, Pavel"]
[WhiteFideId "1026399"]
[BlackFideId "4151933"]
[WhiteElo "2460"]
[BlackElo "2386"]
[Result "1-0"]
[Round "11"]
[TimeControl "180+1"]
[Date "2021.09.28"]
[WhiteClock "0:00:29"]
[BlackClock "0:00:46"]

1. b4 e5 2. Bb2 d5 3. Bxe5 Nc6 4. Bb2 Nxb4 5. a3 Na6 6. e3 Nc5 7. a4 a5 8. d4 Ne4 9. Nf3 Ngf6 10. Be2 Bd6 11. O-O O-O 12. Nbd2 Nxd2 13. Nxd2 c6 14. c4 dxc4 15. Nxc4 Bc7 16. Qb3 Be6 17. Ba3 Re8 18. Qxb7 Bd5 19. Qb3 Ne4 20. Qc2 Qh4 21. f4 Re6 22. Bf3 Rae8 23. Ne5 f5 24. g3 Qh6 25. Qg2 Bxe5 26. dxe5 Rg6 27. Rab1 Rge6 28. Rfc1 g5 29. g4 Kh8 30. gxf5 g4 31. Bxe4 Bxe4 32. Qxe4 g3 33. hxg3 Rg8 34. Kg2 Reg6 35. fxg6 1-0


[Site "https://www.chess.com"]

[Event "Titled Tuesday Blitz September 28 2021"]
[White "Tologon tegin, Semetei"]
[Black "Molina, Roberto Junio Brito"]
[WhiteFideId "13800574"]
[BlackFideId "2109450"]
[WhiteElo "2224"]
[BlackElo "2402"]
[Result "1/2-1/2"]
[Round "11"]
[TimeControl "180+1"]
[Date "2021.09.28"]
[WhiteClock "0:00:57"]
[BlackClock "0:01:34"]

1. d4 d5 2. c4 c6 3. Nf3 Nf6 4. Qb3 g6 5. g3 Bg7 6. Bg2 O-O 7. O-O Qb6 8. Nc3 Rd8 9. c5 Qxb3 10. axb3 Na6 11. Ra4 Nc7 12. b4 a6 13. Bf4 Ne6 14. Be5 Bd7 15. Ra3 Rac8 16. Na4 Ng4 17. Nb6 Nxe5 18. Nxe5 Bxe5 19. Nxc8 Bxd4 20. Nb6 Bxb2 21. Rb3 Bf6 22. Nxd7 Rxd7 23. e3 Nc7 24. Rd1 e6 25. e4 Nb5 26. exd5 cxd5 27. Bf1 Nd4 28. Rbd3 Nc6 29. Rb1 Rc7 30. b5 axb5 31. Rxb5 Nd4 32. Rb4 e5 33. Bg2 Rxc5 34. Rxb7 e4 35. Rd1 h5 36. h4 Kg7 37. Rd7 Be5 38. Bf1 Kf6 39. Kg2 Ke6 40. Rd8 Rc2 41. Re1 f5 42. Ba6 Bc7 43. Rg8 Kf7 44. Rc8 Ba5 45. Rd1 Rxc8 46. Bxc8 Bc3 47. Rc1 Bb2 48. Rc7+ Kf6 49. Rd7 Ke5 50. Bb7 Ne6 51. Rxd5+ Kf6 52. Rd6 Be5 53. Rc6 Ke7 54. Bc8 Nf8 55. Ra6 Bd6 56. Bb7 Be5 57. Bc6 Kf7 58. Bd5+ Kg7 59. Kf1 Bd4 60. Ke2 Nd7 61. Rc6 Nf6 62. Rc7+ Kh6 63. Bf7 Ng4 64. Rc6 Ne5 65. Rc7 Bb6 66. Rb7 Bd8 67. Be8 Bf6 68. Rb6 Kg7 69. Re6 Nf3 70. Ke3 Bd4+ 71. Kf4 Bf6 72. Ra6 Nd4 73. Ra7+ Kh6 74. Bf7 Ne2+ 75. Ke3 Bd4+ 76. Kxe2 Bxa7 77. f3 e3 78. Be8 Kg7 79. Bd7 Kf7 80. Bc8 Bb8 81. g4 hxg4 82. fxg4 f4 83. h5 Kg7 84. hxg6 Kxg6 85. Bb7 Kg5 86. Bf3 Kh4 87. Kf1 Bc7 88. Ke2 Kg3 89. Be4 Bd8 90. Bf3 Bg5 91. Be4 Kxg4 92. Bf3+ Kh4 93. Be4 Kg3 94. Bd5 Bf6 95. Bc6 Be7 96. Bb7 Bd6 97. Ba8 Kg4 98. Bb7 Kf5 99. Ba8 Ke5 100. Bb7 Bc7 101. Bf3 Kd4 102. Bg2 Kc5 103. Bf3 Bb8 104. Bg2 Kb4 105. Bf3 Kc3 106. Bg2 Bc7 107. Bf3 Kd4 108. Bg2 Ke5 109. Bf3 Kf6 110. Bg2 Kg5 111. Ba8 Kh4 112. Bb7 Bd6 113. Ba8 Kg3 114. Bb7 Kh2 115. Ba8 Kg1 116. Bb7 Be7 117. Ba8 Bg5 118. Bb7 Bh4 119. Ba8 Bg3 120. Bb7 Kh2 121. Ba8 Kh3 122. Bb7 Kg4 123. Ba8 Kf5 124. Bb7 Ke6 125. Ba8 Kd6 126. Bg2 Kc7 127. Bf3 Kb6 128. Bg2 Kc5 129. Bf3 Kd4 130. Bg2 Ke5 131. Bf3 Kf6 132. Bg2 Bh4 133. Bf3 Bg5 134. Bg2 Bh6 135. Bf3 Bf8 136. Bg2 Bc5 137. Bf3 Ke5 138. Bg2 Kf5 139. Bf3 Kg5 140. Bg2 f3+ 141. Bxf3 Kf4 142. Bg2 Bb6 143. Bf3 Bc7 144. Ba8 Bd8 145. Bb7 Be7 146. Ba8 Bf6 147. Bb7 Bg5 148. Ba8 Ke5 149. Bb7 Kd6 150. Ba8 Kc7 151. Bg2 Kb6 152. Bh1 Ka7 153. Bg2 Kb8 154. Bh1 Kc7 155. Bg2 Kd6 156. Bh1 Ke5 157. Bg2 Kf4 158. Bh1 Kg3 159. Ba8 Kh2 160. Bb7 Bh6 161. Ba8 Kg3 162. Bb7 Kf4 163. Ba8 Ke5 164. Bb7 Kd6 165. Ba8 Kc7 166. Bh1 Kb8 167. Bg2 Ka7 168. Bh1 Kb6 169. Bg2 Bg5 170. Bh1 Bh4 171. Bg2 Bf2 172. Bh1 Kc5 173. Bg2 Kd6 174. Bh1 Ke5 175. Bg2 Kf4 176. Ba8 Kg3 177. Bb7 Kh2 178. Ba8 Kg1 179. Bb7 Be1 180. Ba8 Bd2 181. Bb7 Kh2 182. Ba8 Kg3 183. Bb7 Kf4 184. Ba8 Ke5 185. Bb7 Bc3 186. Bg2 Bd4 187. Bh1 Kd6 188. Bg2 Kc5 189. Bh1 Kb6 190. Bg2 Bc5 191. Bh1 1/2-1/2


[Site "https://www.chess.com"]

[Event "Titled Tuesday Blitz September 28 2021"]
[White "Tristan, Leonardo"]
[Black "Timofeev, Artyom"]
[WhiteFideId "113816"]
[BlackFideId "4140419"]
[WhiteElo "2404"]
[BlackElo "2591"]
[Result "0-1"]
[Round "11"]
[TimeControl "180+1"]
[Date "2021.09.28"]
[WhiteClock "0:00:12"]
[BlackClock "0:01:24"]

1. d4 Nf6 2. Nf3 b6 3. Bf4 Bb7 4. e3 d6 5. h3 c5 6. c3 g6 7. Nbd2 Bg7 8. Be2 O-O 9. O-O Nc6 10. Bh2 Re8 11. Re1 a6 12. a4 Nd7 13. Qb3 cxd4 14. exd4 e5 15. Nc4 Qc7 16. Ng5 Re7 17. Rad1 h6 18. dxe5 dxe5 19. Ne4 Na5 20. Nxa5 Bxe4 21. Qc4 Qxc4 22. Nxc4 Bc6 23. Rxd7 Bxd7 24. Nxb6 Ra7 25. Rd1 Be6 26. Rd8+ Kh7 27. a5 Rec7 28. f4 Rc5 29. Bd3 Rxa5 30. fxe5 Rb7 31. Rd6 Ra1+ 32. Kf2 Ra2 33. Ke3 Rxb2 34. Be4 R7xb6 35. Rxb6 Rxb6 0-1


[Site "https://www.chess.com"]

[Event "Titled Tuesday Blitz September 28 2021"]
[White "Vivas Zamora, Fabian Ernesto"]
[Black "Skatchkov, Valery"]
[WhiteFideId "3902480"]
[BlackFideId "24195812"]
[WhiteElo "1966"]
[BlackElo "2195"]
[Result "0-1"]
[Round "11"]
[TimeControl "180+1"]
[Date "2021.09.28"]
[WhiteClock "0:00:03"]
[BlackClock "0:00:58"]

1. c4 c5 2. Nf3 Nc6 3. d4 cxd4 4. Nxd4 Nf6 5. Nc3 g6 6. Nc2 Bg7 7. e4 O-O 8. Be2 d6 9. O-O Be6 10. Be3 Rc8 11. Rc1 a6 12. Qd2 Ne5 13. b3 Neg4 14. Bd4 Qa5 15. f4 h5 16. h3 Nh6 17. Bxf6 Bxf6 18. Ne3 b5 19. f5 Bd7 20. Ned5 Kg7 21. Nxf6 exf6 22. Qxd6 Rcd8 23. Nd5 Be6 24. Qe7 Bxd5 25. exd5 Rfe8 26. Qa7 Rxe2 27. fxg6 Qd2 0-1


[Site "https://www.chess.com"]

[Event "Titled Tuesday Blitz September 28 2021"]
[White "Vlachos, Anatole"]
[Black "Begmuratov, Khumoyun"]
[WhiteFideId "26093189"]
[BlackFideId "14210207"]
[WhiteElo "2350"]
[BlackElo "1948"]
[Result "0-1"]
[Round "11"]
[TimeControl "180+1"]
[Date "2021.09.28"]
[WhiteClock "0:00:03"]
[BlackClock "0:00:08"]

1. e4 e5 2. Nf3 Nc6 3. Bc4 Nf6 4. d3 Be7 5. O-O O-O 6. c3 d6 7. b4 a5 8. b5 Nb8 9. a4 Nbd7 10. Re1 b6 11. Nbd2 Bb7 12. h3 Nc5 13. Nf1 c6 14. Ng3 cxb5 15. Bxb5 d5 16. Nxe5 dxe4 17. d4 Ne6 18. Nf5 Rc8 19. Nxe7+ Qxe7 20. Ba3 Qd8 21. Bxf8 Kxf8 22. Rc1 Qd6 23. Qd2 Rd8 24. Qe3 Nc7 25. Red1 Ncd5 26. Qg3 Qa3 27. c4 Qxg3 28. fxg3 Nb4 29. c5 bxc5 30. dxc5 Rc8 31. c6 Ba8 32. Nd7+ Ke7 33. Nxf6 gxf6 34. Rd7+ Ke6 35. c7 Bc6 36. Rxc6+ Kxd7 37. Rxf6+ Kxc7 38. Rxf7+ Kd6 39. Rxh7 e3 40. Rd7+ Ke5 41. Re7+ Kd4 42. g4 Nd5 43. Rd7 Ke5 44. g5 Nc3 45. Re7+ Kf4 46. g6 Nxb5 47. axb5 a4 48. g7 a3 49. Rf7+ Ke4 50. Rf8 a2 51. g8=Q a1=Q+ 52. Kh2 Qe5+ 53. Kg1 Rc1+ 54. Rf1 Rxf1+ 55. Kxf1 Qa1+ 56. Ke2 Qb2+ 57. Ke1 Qd2+ 58. Kf1 Qf2# 0-1


[Site "https://www.chess.com"]

[Event "Titled Tuesday Blitz September 28 2021"]
[White "Vlassov, Nikolai"]
[Black "Urazayev, Arystanbek"]
[WhiteFideId "4103360"]
[BlackFideId "13709810"]
[WhiteElo "2407"]
[BlackElo "2321"]
[Result "0-1"]
[Round "11"]
[TimeControl "180+1"]
[Date "2021.09.28"]
[WhiteClock "0:02:15"]
[BlackClock "0:02:54"]

1. e4 c6 2. d4 d5 3. e5 c5 4. dxc5 e6 5. Be3 Nd7 6. Bb5 Ne7 7. Nf3 Nc6 8. Bxc6 bxc6 9. b4 a5 10. c3 Ba6 11. Nbd2 Qb8 12. Bd4 axb4 13. Rb1 Nxc5 14. Bxc5 Bxc5 15. cxb4 Ba7 16. a4 Qb6 0-1


[Site "https://www.chess.com"]

[Event "Titled Tuesday Blitz September 28 2021"]
[White "Vogel, Roven"]
[Black "Nazaretyan, Tigran"]
[WhiteFideId "12908088"]
[BlackFideId "24162345"]
[WhiteElo "2516"]
[BlackElo "2212"]
[Result "1-0"]
[Round "11"]
[TimeControl "180+1"]
[Date "2021.09.28"]
[WhiteClock "0:00:11"]
[BlackClock "0:00:17"]

1. Nf3 Nf6 2. c4 g6 3. Nc3 Bg7 4. e4 O-O 5. d3 d6 6. Be2 c5 7. d4 cxd4 8. Nxd4 Nc6 9. Be3 Bd7 10. O-O Nxd4 11. Bxd4 Bc6 12. Bd3 Nd7 13. Bxg7 Kxg7 14. Qd2 Nc5 15. Bc2 a5 16. Nd5 f6 17. Rfe1 a4 18. Re3 Rf7 19. Rb1 e6 20. Nc3 g5 21. b4 axb3 22. axb3 e5 23. b4 Ne6 24. b5 Be8 25. Bd1 Nd4 26. Ne2 Ne6 27. Ng3 Rd7 28. Bg4 Bf7 29. Rd3 Ra4 30. Nf5+ Kf8 31. Rd1 h5 32. Be2 Rxc4 33. Rxd6 Rxd6 34. Qxd6+ Qxd6 35. Nxd6 Rc2 36. Bd3 Rc7 37. b6 Rc6 38. Nxf7 Kxf7 39. Rb1 Nd4 40. Ba6 Ne2+ 41. Kf1 Nc3 42. Bxb7 Rd6 43. Bd5+ Nxd5 44. exd5 Rd8 45. b7 Rb8 46. Rb6 Ke7 47. Ke2 f5 48. Kd3 Kd7 49. d6 h4 50. h3 e4+ 51. Kd4 Ke6 52. Kc5 f4 53. Kc6 f3 54. gxf3 exf3 55. Kc7 Rh8 56. b8=Q Rxb8 57. Rxb8 g4 58. hxg4 h3 59. Rh8 h2 60. Rxh2 1-0


[Site "https://www.chess.com"]

[Event "Titled Tuesday Blitz September 28 2021"]
[White "Vokhidov, Shamsiddin"]
[Black "Kovalchuk94"]
[WhiteFideId "14204223"]
[WhiteElo "2616"]
[BlackElo "2682"]
[Result "1-0"]
[Round "11"]
[TimeControl "180+1"]
[Date "2021.09.28"]
[WhiteClock "0:01:23"]
[BlackClock "0:00:10"]

1. e4 e5 2. Nf3 Nf6 3. d4 Nxe4 4. dxe5 d5 5. Nbd2 Nc6 6. c3 Bc5 7. Nxe4 dxe4 8. Qxd8+ Nxd8 9. Ng5 Bf5 10. g4 Bxg4 11. Bg2 Ne6 12. Nxe4 Be7 13. Be3 O-O-O 14. h3 Bh5 15. O-O g5 16. Nf6 Bxf6 17. exf6 Nf4 18. Rfe1 Nxg2 19. Kxg2 h6 20. Bd4 Rhe8 21. Re7 Bg6 22. Rae1 Rg8 23. Kg3 b6 24. a4 Rd5 25. R1e5 Rgd8 26. Re3 R5d7 27. b4 Bf5 28. R3e5 Bg6 29. f4 gxf4+ 30. Kxf4 Rxe7 31. fxe7 Re8 32. Re2 Kd7 33. Bf6 c5 34. Rd2+ Ke6 35. Rd8 Rxe7 36. Bxe7 Kxe7 37. Ra8 1-0


[Site "https://www.chess.com"]

[Event "Titled Tuesday Blitz September 28 2021"]
[White "Vovk, Orest"]
[Black "Herrera Reyes, Jose Antonio"]
[WhiteFideId "14113490"]
[BlackFideId "2274914"]
[WhiteElo "2203"]
[BlackElo "2361"]
[Result "1-0"]
[Round "11"]
[TimeControl "180+1"]
[Date "2021.09.28"]
[WhiteClock "0:00:06"]
[BlackClock "0:00:16"]

1. d4 Nf6 2. Nf3 c5 3. c3 g6 4. Bf4 Bg7 5. e3 O-O 6. Be2 d6 7. O-O cxd4 8. cxd4 Nbd7 9. h3 a6 10. Nc3 b5 11. a4 b4 12. Na2 a5 13. Nc1 Bb7 14. Nb3 Nb6 15. Nbd2 Qd7 16. b3 Nbd5 17. Bg3 Nc3 18. Qe1 Nxe2+ 19. Qxe2 Ba6 20. Qe1 Rfc8 21. Nc4 d5 22. Nb6 Qb7 23. Nxa8 Qxa8 24. Qb1 Bxf1 25. Qxf1 Ne4 26. Qb5 Nc3 27. Qd7 Ne2+ 28. Kh2 Nxg3 29. fxg3 Bf6 30. Ne5 Bxe5 31. dxe5 Kf8 32. Rd1 Rd8 33. Qc7 h5 34. Rd4 Rc8 35. Qd7 Rd8 36. Qb5 Kg7 37. Qc5 e6 38. Qe7 Re8 39. Qf6+ Kg8 40. g4 hxg4 41. Rxg4 Qd8 42. Qf4 Qe7 43. h4 Kg7 44. Rg5 Rh8 45. Kg1 Qc7 46. Qf6+ Kg8 47. g3 Qc1+ 48. Kf2 Qd2+ 49. Kf3 Qd1+ 50. Kf2 Qc2+ 51. Kf3 Qe4+ 52. Kf2 Rh7 53. Qd8+ Kg7 54. Qf6+ Kh6 55. Rh5+ Kxh5 56. Qg5# 1-0


[Site "https://www.chess.com"]

[Event "Titled Tuesday Blitz September 28 2021"]
[White "Warmerdam, Max"]
[Black "Bortnyk, Olexandr"]
[WhiteFideId "1048104"]
[BlackFideId "14120828"]
[WhiteElo "2800"]
[BlackElo "2962"]
[Result "1-0"]
[Round "11"]
[TimeControl "180+1"]
[Date "2021.09.28"]
[WhiteClock "0:00:24"]
[BlackClock "0:00:02"]

1. e4 Nf6 2. e5 Nd5 3. d4 d6 4. Nf3 dxe5 5. Nxe5 c6 6. h3 g6 7. Be2 Bg7 8. O-O O-O 9. Re1 Nd7 10. Nf3 a5 11. c4 N5f6 12. Nc3 Qc7 13. Bf1 Re8 14. Bg5 e6 15. Qd2 a4 16. Rad1 Qa5 17. a3 b6 18. h4 Bb7 19. g3 e5 20. dxe5 Nxe5 21. Nxe5 Rxe5 22. Qd8+ Re8 23. Rxe8+ Nxe8 24. Qe7 Ba6 25. Rd7 Qf5 26. Bh3 Bf8 27. Bxf5 Bxe7 28. Rxe7 gxf5 29. Nxa4 Nd6 30. Nxb6 Rb8 31. Nd7 Rxb2 32. Bf4 Rb1+ 33. Kh2 Nxc4 34. Bh6 Nd6 35. Nf6+ Kh8 36. Rd7 Rb8 37. Rxd6 Bb5 38. Rd7 Bc4 39. Rc7 f4 40. gxf4 Be6 41. Rxc6 Rb2 42. Kg3 Rb3+ 43. f3 Rxa3 44. Rd6 Ra8 45. h5 Bf5 46. Rc6 Be6 47. Rc7 Ra1 48. Re7 Ra8 49. Kh4 Rc8 50. Re8+ Rxe8 51. Nxe8 Bb3 52. Kg5 Bd1 53. Kf6 Bxf3 54. Ke7 1-0


[Site "https://www.chess.com"]

[Event "Titled Tuesday Blitz September 28 2021"]
[White "Yoo, Christopher Woojin"]
[Black "Kovalev, Vladislav"]
[WhiteFideId "30909694"]
[BlackFideId "13504398"]
[WhiteElo "2105"]
[BlackElo "2573"]
[Result "1-0"]
[Round "11"]
[TimeControl "180+1"]
[Date "2021.09.28"]
[WhiteClock "0:00:02"]
[BlackClock "0:00:04"]

1. e4 e5 2. Nf3 Nc6 3. Bb5 a6 4. Ba4 d6 5. O-O Bd7 6. d4 exd4 7. Nxd4 b5 8. Nxc6 Bxc6 9. Bb3 Nf6 10. c4 Be7 11. Nc3 O-O 12. Re1 Re8 13. Bf4 Bf8 14. cxb5 axb5 15. Qc2 b4 16. Nd5 Nxd5 17. exd5 Rxe1+ 18. Rxe1 Bd7 19. Rc1 Qf6 20. Be3 Bf5 21. Qd2 Re8 22. f3 h5 23. Rxc7 Qg6 24. Rc1 Be7 25. Re1 Bf6 26. Bc4 h4 27. Bf1 h3 28. g3 Qh5 29. Qf2 Bg6 30. Bc4 Qf5 31. g4 Qe5 32. Bd2 Qxe1+ 33. Bxe1 Bxb2 34. Qxb2 Rxe1+ 35. Kf2 Rh1 36. Kg3 Rg1+ 37. Kxh3 f5 38. Qf2 fxg4+ 39. fxg4 Rc1 40. Be2 Rc3+ 41. Kh4 Be4 42. Qd4 Bg2 43. Qxb4 Re3 44. Bc4 Kh7 45. Qxd6 Rh3+ 46. Kg5 Rf3 47. Qe5 Bh3 48. Qe4+ 1-0


[Site "https://www.chess.com"]